 Dungeon Crawl Stone Soup version 0.27.1 (webtiles) character file.

Game seed: 6057506099223425650

15 kerrschild the Skirmisher (level 2, 0/27 HPs)
             Began as a Minotaur Berserker on Aug 29, 2021.
             Was a Follower of Trog.
             Slain by a giant cockroach (2 damage)
             ... on level 1 of the Dungeon.
             The game lasted 00:06:46 (153 turns).

kerrschild the Skirmisher (Minotaur Berserker)       Turns: 153, Time: 00:06:47

Health: 0/27       AC:  3    Str: 21    XL:     2   Next: 34%
Magic:  1/1        EV: 11    Int:  4    God:    Trog [*.....]
Gold:   32         SH:  0    Dex:  9    Spells: 1/1 levels left

rFire    . . .     SeeInvis .   a - +0 mace
rCold    . . .     Faith    .   (no shield)
rNeg     . . .     Spirit   .   e - +0 leather armour
rPois    .         Reflect  .   (helmet restricted)
rElec    .         Harm     .   (no cloak)
rCorr    .         Rampage  .   (no gloves)
Will     .....                  (no boots)
Stlth    +.........             (no amulet)
HPRegen  0.09/turn              (no ring)
MPRegen  0.07/turn              (no ring)

@: no status effects
A: horns 2, retaliatory headbutt
a: Renounce Religion, Berserk


You were on level 1 of the Dungeon.
You worshipped Trog.
Trog was aware of your devotion.
You visited 1 branch of the dungeon, and saw 1 of its levels.

You collected 32 gold pieces.

Inventory:

Hand Weapons
 a - a +0 mace (weapon)
 c - a +0 club
Armour
 b - a +0 animal skin
 e - a +0 leather armour (worn)
Scrolls
 d - 2 scrolls of immolation {unknown}


   Skills:
 + Level 4.0 Fighting
 + Level 4.0 Maces & Flails
 + Level 2.5 Armour
 + Level 2.3 Dodging


You had one spell level left.
You didn't know any spells.
Your spell library was empty.

Dungeon Overview and Level Annotations

Branches:
Dungeon (1/15)

Altars:


Innate Abilities, Weirdness & Mutations

You have a pair of horns on your head.
You reflexively headbutt those who attack you in melee.


Message History

The quokka closely misses you. You furiously retaliate!
You headbutt the quokka!
You kill the quokka!
Trog accepts your kill.
Your Maces & Flails skill increases to level 4!
A bat comes into view.
The hobgoblin hits you.
* * * LOW HITPOINT WARNING * * *
You see here a quokka corpse.
You hit the hobgoblin.
The hobgoblin is moderately wounded.
The bat barely misses you. The hobgoblin hits you.
* * * LOW HITPOINT WARNING * * *
You hit the hobgoblin.
The hobgoblin is almost dead.
The bat misses you. You furiously retaliate!
You headbutt the bat. The hobgoblin barely misses you.
The bat closely misses you.
You sock the hobgoblin!
You kill the hobgoblin!
Trog accepts your kill. The bat barely misses you.
The bat hits you but does no damage.
You see here a hobgoblin corpse.
The bat closely misses you.
You thump the bat!
You kill the bat!
Trog accepts your kill.
A rat and a giant cockroach come into view.
Found a throwing net.
An endoplasm comes into view.
The endoplasm quivers.
You see here a throwing net.
You closely miss the giant cockroach. The endoplasm barely misses you.
You furiously retaliate!
You headbutt the endoplasm. The giant cockroach barely misses you.
You hit the giant cockroach.
Your headbutt misses the giant cockroach.
The giant cockroach is severely wounded.
The giant cockroach bites you.
You die...

.## ... # #.###
#### #.#....
...##### ....r
......
#.#J###.#.##
#..B@##....#
###..##...# ..
#.......# #.
#..##.†.# #.
#..###†##
####.##......##
.....#.##..(.#
#..#.......#
#.....#.........


You could see an endoplasm, a giant cockroach and a rat.

Vanquished Creatures
  A dart slug (D:1)
  2 giant cockroaches (D:1)
  A goblin (D:1)
  A hobgoblin (D:1)
  2 quokkas (D:1)
  2 ball pythons (D:1)
  2 bats (D:1)
  A kobold (D:1)
12 creatures vanquished.

Notes
Turn   | Place    | Note
-------+----------+-------------------------------------------
     0 | D:1      | kerrschild the Minotaur Berserker began the quest for the
                  | Orb.
     0 | D:1      | Reached XP level 1. HP: 19/19 MP: 0/0
    43 | D:1      | HP: 1/20 [dart slug/slug dart (5)]
    61 | D:1      | Reached XP level 2. HP: 3/27 MP: 1/1
   140 | D:1      | HP: 1/27 [hobgoblin (1)]
   153 | D:1      | Slain by a giant cockroach

Illustrated notes

Levels and vault maps discovered:
D:1:      scummos_arrival_checkerplants, layout_basic, basic_ecumenical_altar,
          chequers_serial_rivers_large_b, minmay_misc_feat_more_columns

Skill      XL: |  1  2 |
---------------+-------+-----
Fighting       | 4 |  4.0
Maces & Flails | 4 |  4.0
Armour         | |  2.5
Dodging        | |  2.3

Action                   || total
-------------------------++-------
Melee: Mace              ||    21
       Headbutt          ||     2
  Use: Potion            ||     1
Armor: Animal skin       ||     6
       Leather armour    ||     2
Dodge: Dodged            ||    21
